 Dungeon Crawl Stone Soup version 0.27.0-1-g7a089689b8 (webtiles) character file.

Game seed: 11630756030538406413

61 lagrange the Insei (level 4, -1/28 HPs)
             Began as an Octopode Transmuter on Aug 13, 2021.
             Succumbed to a scorpion's poison
             ... on level 2 of the Dungeon.
             The game lasted 00:03:53 (1691 turns).

lagrange the Insei (Octopode Transmuter)            Turns: 1691, Time: 00:03:53

Health: -1/28      AC:  1    Str: 10    XL:     4   Next: 7%
Magic:  5/7        EV: 12    Int: 15    God:
Gold:   17         SH:  5    Dex: 12    Spells: 6/7 levels left

rFire    . . .     SeeInvis .     - Unarmed
rCold    . . .     Faith    .   e - +2 buckler
rNeg     . . .     Spirit   .   (helmet currently unavailable)
rPois    .         Reflect  .   (no amulet)
rElec    .         Harm     .   (no ring)
rCorr    .         Rampage  .   (no ring)
Will     .....                  (no ring)
Stlth    ++........             (no ring)
HPRegen  0.09/turn              (no ring)
MPRegen  0.10/turn              (no ring)
                                (no ring)
                                (no ring)

@: lethally poisoned (-1 -> -7), appendages (expiring)
A: tentacle spike 3, almost no armour, amphibious, 8 rings, camouflage 1,
gelatinous body 1, (nimble swimmer 1), tentacles
a: End Transformation


You were on level 2 of the Dungeon.
One of your tentacles had grown a beastly spike.
You visited 1 branch of the dungeon, and saw 2 of its levels.

You collected 17 gold pieces.

Inventory:

Armour
 d - a +0 tower shield
 e - a +2 buckler (worn)
Scrolls
 b - a scroll of noise
Potions
 a - 2 potions of cancellation {unknown}
 c - a potion of lignification {unknown}


   Skills:
 - Level 1.0 Fighting
 - Level 2.1 Dodging
 - Level 0.4 Stealth
 * Level 1.1 Shields
 + Level 3.9 Unarmed Combat
 + Level 2.3 Spellcasting
 + Level 2.4 Transmutations


You had 6 spell levels left.
You knew the following spells:

 Your Spells              Type           Power      Damage    Failure   Level
a - Beastly Appendage     Tmut           16%        N/A       12%         1

Your spell library contained the following spells:

 Spells                   Type           Power      Damage    Failure   Level
 Wereblood                Tmut           8%         N/A       17%         2
 Spider Form              Tmut/Pois      2%         N/A       50%         3
 Ice Form                 Ice/Tmut       5%         N/A       88%         4


Dungeon Overview and Level Annotations

Branches:
Dungeon (2/15)

Altars:


Innate Abilities, Weirdness & Mutations

One of your tentacles has grown a beastly spike.
You cannot wear most types of armour.
You are amphibious.
You can wear up to eight rings at the same time.
Your skin changes colour to match your surroundings (Stealth+).
Your rubbery body absorbs attacks. (AC +1, EV +1)
((You are camouflaged near water. (Stealth+)))
You have tentacles for arms and can constrict up to eight enemies at once.


Message History

You tentacle-slap the adder.
You pierce the adder.
The adder is heavily wounded.
You constrict the adder. The adder bites you.
You tentacle-slap the adder.
You kill the adder!
Your Shields skill increases to level 1!
You have reached level 4!
Your transformation is almost over.
Casting: Beastly Appendage (safe; 12% risk of failure)
Confirm with . or Enter, or press ? or * to list all spells.
You extend your transformation's duration.
Casting: Beastly Appendage (safe; 12% risk of failure)
Confirm with . or Enter, or press ? or * to list all spells.
Okay, then.
The scorpion misses you.
You completely miss the scorpion. Your grab misses the scorpion.
Your tentacle spike misses the scorpion.
The scorpion closely misses you.
You barely miss the scorpion. You grab the scorpion.
You pierce the scorpion.
The scorpion is lightly wounded.
You constrict the scorpion, but do no damage.
The scorpion closely misses you. The scorpion stings you.
You tentacle-slap the scorpion but do no damage.
You pierce the scorpion, but do no damage.
The scorpion is lightly wounded.
Your transformation is almost over.
You constrict the scorpion. The scorpion stings you.
You tentacle-slap the scorpion but do no damage.
You pierce the scorpion, but do no damage.
You squeeze the scorpion.
The scorpion is heavily wounded.
You constrict the scorpion, but do no damage.
The scorpion stings you!
* * * LOW HITPOINT WARNING * * *
You are lethally poisoned!
The scorpion poisons you!
You release your grip on the scorpion.
* * * LOW HITPOINT WARNING * * *
You feel sick.
You die...

*,,,,,,,,,,...................
*****,,,,*#..................##.
*,,,,,,,,*#..................##.
*,,,,>,,,+,..................##.
*,,,,,,,,####.........#...#####.
*,,,,,,,,#......................
*****,,,,#..............#..(....
*,,,.#.......?.............#
**,*,.......@.s...........###
****,,,,........................
*,,,,,,,........................
*,,,,,,,..#......#####.........)
*,,,***,.,#...##..,,,...##......
*,,,,,,,,,#...*####,,...........
*,,,,,,,,,#...,,,,*,........##..
*,,,,,,,,,#...,,,,,,,,......*#..
**,,,,,,,,,*,,,,,,,,.....#...##..


You could see a scorpion.

Vanquished Creatures
  2 adders (D:2)
  A worm (D:2)
  2 dart slugs (D:1)
  An endoplasm (D:2)
  3 giant cockroaches
  3 goblins (D:1)
  3 hobgoblins
  5 kobolds
  2 ball pythons (D:1)
  3 bats
  9 frilled lizards
  5 rats
39 creatures vanquished.

Vanquished Creatures (others)
  12 plants
12 creatures vanquished.

Grand Total: 51 creatures vanquished

Notes
Turn   | Place    | Note
-------+----------+-------------------------------------------
     0 | D:1      | lagrange the Octopode Transmuter began the quest for the
                  | Orb.
     0 | D:1      | Reached XP level 1. HP: 13/13 MP: 3/3
    27 | D:1      | You fall into a shaft and drop 1 floor!
   253 | D:1      | Reached XP level 2. HP: 18/18 MP: 5/5
  1051 | D:1      | Reached XP level 3. HP: 17/23 MP: 6/6
  1538 | D:2      | Noticed a scorpion
  1679 | D:2      | Reached skill level 1 in Shields
  1679 | D:2      | Reached XP level 4. HP: 21/28 MP: 5/7
  1690 | D:2      | HP: 1/28 [poisoned by a scorpion]
  1691 | D:2      | Succumbed to a scorpion's poison

Illustrated notes

Levels and vault maps discovered:
D:1:      lemuel_arrival_funnel, layout_basic, nrook_loot_triangle,
          minmay_misc_feat_cross, minmay_lizard_king
D:2:      layout_basic, basic_altar, serial_bayou_lagoon_b

Skill      XL: |  1  2  3 |
---------------+----------+-----
Shields        | 1 |  1.1
Fighting       | |  1.0
Dodging        | |  2.1
Stealth        | |  0.4
Unarmed Combat | |  3.9
Spellcasting   | |  2.3
Transmutations | |  2.4

Action                   |  1- 3 |  4- 6 || total
-------------------------+-------+-------++-------
Melee: Unarmed           |    95 |     4 ||    99
       Constrict         |    30 |     1 ||    31
       Tentacles         |    14 |     1 ||    15
       Kick              |     4 |     3 ||     7
       Punch             |     2 |       ||     2
 Cast: Beastly Appendage |     3 |     1 ||     4
  Use: Scroll            |     2 |       ||     2
 Stab: Sleeping          |     1 |       ||     1
       Distracted        |     1 |       ||     1
Armor: Skin              |     7 |       ||     7
Dodge: Dodged            |    42 |     3 ||    45
Block: Buckler           |     6 |       ||     6
